 Dungeon Crawl Stone Soup version 0.15.2 (webtiles) character file.

112 HopeRidesAlone the Insei (level 4, 0/35 HPs)
             Began as a Mummy Monk on Oct 24, 2015.
             Slain by a gnoll
             ... wielding a +0 halberd
              (19 damage)
             ... on Level 2 of the Dungeon.
             The game lasted 00:04:06 (2277 turns).

HopeRidesAlone the Insei (Mummy Monk)               Turns: 2277, Time: 00:04:06

HP   0/35        AC  0     Str 14      XL: 4   Next: 64%
MP   4/4         EV 13     Int  9      God:
Gold 140         SH  0     Dex 15      Spells:  0 memorised,  3 levels left

rFire  x . .     SeeInvis .       - Unarmed
rCold  + . .     Clarity  .     (no armour)
rNeg   + + +     rCorr    .     (no shield)
rPois  +         rRot     +     (no helmet)
rElec  .         Spirit   .     (no cloak)
SustAb .         Warding  .     (no gloves)
rMut   .         Stasis   .     (no boots)
Gourm  .                        (no amulet)
MR     .....                    (no ring)
                                (no ring)

@: not resistant to hostile enchantments, unstealthy
A: no food or potions, fire vulnerability, restore body, cold resistance 1,
negative energy resistance 3, poison resistance, torment resistance, unbreathing
a: no special abilities


You were on level 2 of the Dungeon.
You were not hungry.

You visited 1 branch of the dungeon, and saw 2 of its levels.

You collected 140 gold pieces.


Innate Abilities, Weirdness & Mutations

You do not eat or drink.
Your flesh is vulnerable to fire.
Your flesh is cold resistant.
You are immune to negative energy.
Your system is resistant to poisons.
You are immune to unholy pain and torment.
You can survive without breathing.


   Skills:
 - Level 3.0 Fighting
 - Level 2.4 Dodging
 - Level 1.5 Stealth
 + Level 5.0 Unarmed Combat


You had 3 spell levels left.
You didn't know any spells.

Inventory:

Missiles
 f - 3 curare-tipped needles {=f}
Scrolls
 b - a scroll of recharging {unknown}
 c - 7 scrolls of identify {unknown}
 d - 2 scrolls of teleportation {unknown}
 e - a scroll of remove curse {unknown}
 g - 2 scrolls of amnesia {unknown}

Dungeon Overview and Level Annotations

Branches:
Dungeon (2/15)

Altars:

.....# .....#
.....#########
.........#...
.....###.#.###########
.....# #...##.........
.....# ##........#####
.....# #..(.(.......#
.....####(......M###.#
..........###'#g## #>#
###.......###.#.####.#
..'.......%......>##.#
###.......#####....#.#
##......######.#.#.#
#.............#<#.#
#......##########.#
#.................#


You could see a gnoll.


Message History

a hobgoblin skeleton; a bat skeleton You punch the gnoll!
The gnoll is severely wounded.
The gnoll misses you.
You hit the gnoll.
You kill the gnoll!
Things that are here:
a flail; a gnoll corpse You start resting.
Found an escape hatch in the floor.
There is an escape hatch in the floor here.
The gnoll shouts!
The gnoll is too close now for your liking.
What do you say? t - Shout!
Orders for allies: a - Attack new target. r - Retreat! s - Stop attacking. w - Wait here. f - Follow me.
Anything else - Stay silent.
You shout for attention!
The gnoll hits you with a halberd!
You hit the gnoll but do no damage. You hit the gnoll.
The gnoll is moderately wounded.
The gnoll closely misses you.
You hit the gnoll but do no damage.
The gnoll is moderately wounded.
The gnoll hits you with a halberd!!
Ouch! That really hurt!
You die...

Action                   |  1- 3 |  4- 6 || total
-------------------------+-------+-------++-------
Melee: Unarmed           |   145 |    40 ||   185
 Stab: Sleeping          |     1 |       ||     1

Vault maps used:
D:1:      mrwooster_arrival_statue_2
D:2:      serial_park_square1, uniq_jessica

Notes
Turn   | Place    | Note
--------------------------------------------------------------
     0 | D:1      | HopeRidesAlone, the Mummy Monk, began the quest for the Orb.
     0 | D:1      | Reached XP level 1. HP: 18/18 MP: 1/1
   538 | D:1      | Reached XP level 2. HP: 18/24 MP: 2/2
   949 | D:1      | Reached skill level 4 in Unarmed Combat
  1240 | D:2      | Reached XP level 3. HP: 29/29 MP: 3/3
  1882 | D:2      | Noticed Jessica
  1890 | D:2      | Killed Jessica
  1890 | D:2      | Reached XP level 4. HP: 27/35 MP: 4/4
  2035 | D:2      | Reached skill level 5 in Unarmed Combat
  2277 | D:2      | Slain by a gnoll

Vanquished Creatures
  Jessica (D:2)
  3 gnolls
  A giant mite (D:2)
  An inept item mimic (D:2)
  A worm (D:2)
  4 giant cockroaches
  7 hobgoblins
  A quokka (D:2)
  A ball python (D:2)
  7 bats
  5 giant geckos
  A giant newt (D:1)
  2 goblins (D:1)
  6 kobolds
  5 rats (D:1)
46 creatures vanquished.
